 Dungeon Crawl Stone Soup version 0.31.0-32-g396128a36d (webtiles) character file.

Game seed: 12512959818794445334

81 Gabide the Grave Robber (level 4, -2/35 HPs)
             Began as a Demigod Necromancer on Apr 17, 2024.
             Slain by Crazy Yiuf
             ... wielding a +4 quarterstaff of chaos
              (11 damage)
             ... on level 2 of the Dungeon.
             The game lasted 00:05:06 (2621 turns).

Gabide the Grave Robber (Demigod Necromancer)       Turns: 2621, Time: 00:05:06

Health: -2/35      AC:  4    Str: 13    XL:     4   Next: 0%
Magic:  2/10       EV:  6    Int: 20    God:
Gold:   56         SH:  0    Dex: 13    Spells: 7/8 levels left

rFire   . . .        a - +2 short sword (venom)
rCold   . . .        (no shield)
rNeg    . . .        A - +0 robe
rPois   .            (no helmet)
rElec   .            (no cloak)
rCorr   .            c - +1 pair of gloves
SInv    .            (no boots)
Will    +....        (no amulet)
Stlth   ++           d - ring of willpower
HPRegen 0.25/turn    (no ring)
MPRegen 0.12/turn

%: no passive effects
@: held, hasted, very quick
A: high MP 1, forlorn, divine attributes, deterioration 1, strong 1, sturdy
frame 1
a: no special abilities


You were on level 2 of the Dungeon.
You visited 1 branch of the dungeon, and saw 2 of its levels.

You collected 56 gold pieces.

Inventory:

Hand Weapons
 a - a +2 short sword of venom (weapon)
Armour
 c - a +1 pair of gloves (worn)
 h - a +0 ring mail
 A - a +0 robe (worn)
Jewellery
 d - a ring of willpower (left hand)
Scrolls
 g - a scroll of teleportation
 k - 2 scrolls of identify {unknown}
 l - a scroll of amnesia
Potions
 b - a potion of magic
 j - a potion of enlightenment {unknown}


   Skills:
 + Level 1.0 Fighting
 + Level 2.2 Dodging
 + Level 2.1 Stealth
 * Level 2.5 Spellcasting
 * Level 4.2 Necromancy


You had 7 spell levels left.
You knew the following spells:

 Your Spells              Type           Power      Damage    Failure   Level
a - Necrotise             Necr           76%        1d7       2%          1

Your spell library contained the following spells:

 Spells                   Type           Power      Damage    Failure   Level
 Vampiric Draining        Necr           19%        2d7       8%          3
 Foxfire                  Conj/Fire      8%         2x1d4     16%         1
 Magic Dart               Conj           8%         1d3       16%         1
 Blink                    Tloc           4%         N/A       22%         2
 Momentum Strike          Conj/Tloc      4%         3d8       22%         2
 Searing Ray              Conj           4%         2d4       22%         2
 Animate Dead             Necr           19%        N/A       26%         4
 Teleport Other           Tloc           2%         N/A       41%         3
 Curse of Agony           Necr           19%        N/A       58%         5
 Fulminant Prism          Conj/Alch      1%         3d5       83%         4
 Starburst                Conj/Fire      1%         6d3       100%        6


Dungeon Overview and Level Annotations

Branches:
Dungeon (2/15)

Annotations:
D:2 Crazy Yiuf


Innate Abilities, Weirdness & Mutations

You have an increased reservoir of magic. (+10% MP)
You shall have no god before yourself.
Your divine heritage dramatically boosts your attributes as you level up.
Your body sometimes deteriorates upon taking damage.
Your muscles are strong. (Str +4, Int/Dex -1)
Your movements are slightly less encumbered by armour. (ER -2)


Message History

Done exploring.
There is an open translucent door here.
You see here a +0 hammer.
You see here a +0 hammer.
You see here a +0 hammer.
You see here a +3 hammer.
You see here a +0 hammer.
There is an open door here.
Crazy Yiuf is nearby!
You have nothing you can fire or use right now.
Unknown command.
Unknown command.
You start waiting.
Crazy Yiuf is nearby!
There is an open door here.
Crazy Yiuf is nearby!
Crazy Yiuf shouts!
Crazy Yiuf barely resists.
Crazy Yiuf writhes in agony.
Crazy Yiuf writhes in agony.
Crazy Yiuf writhes in agony.
Crazy Yiuf laughs, "Fire tired sing-song!"
Crazy Yiuf barely resists.
Crazy Yiuf barely misses you.
Crazy Yiuf writhes in agony.
Crazy Yiuf barely misses you.
Crazy Yiuf writhes in agony.
Crazy Yiuf cries, "You!"
Crazy Yiuf hits you with a +4 quarterstaff of chaos!
You feel yourself speed up.
Crazy Yiuf barely resists.
Crazy Yiuf whimpers, "Whiteboard Orb Guardian horse!"
Crazy Yiuf hits you with a +4 quarterstaff of chaos!
The Crazy Yiuf's quarterstaff of chaos hits you.
You are caught in a web!
* * * LOW HITPOINT WARNING * * *
Aiming: Necrotise (safe; 2% risk of failure)
Press: ? - help, Q - select action Shift-Dir - straight line, f/p - Crazy Yiuf
Aim: Crazy Yiuf, wielding a +4 quarterstaff of chaos and wearing a +0 cloak (heavily wounded, chance to affect: 84%) Crazy Yiuf writhes in agony.
Crazy Yiuf hits you with a +4 quarterstaff of chaos!
You die...

#...# ##...## #.......# #.####
##.....## ##....... #.##.##
##.......## ##.####.#
###.#...####.........####...###.#
.....................'.......##.#
###.....###..........####....##.#
#..#.####.#.......## ##.#.##.#
#..^...##.##.....## #.#.##.#
##.#.......##.@.## #.#.##.#
#.#.#.##..###g## #......#
#.#.#.##..# #.# ###.####
#.........###.# #.#
###.#.......#>## #.#
#.#####.#....## #.# #.# #.#.....#
#.# #.#####..#[..##########.#
#.))....###.#...........#


You could see Crazy Yiuf.

Vanquished Creatures
  Jessica (D:2)
  An adder (D:2)
  A ribbon worm (D:2)
  2 dart slugs
  4 bats (D:1)
  An endoplasm (D:1)
  7 giant cockroaches
  5 goblins
  A hobgoblin (D:1)
  A quokka (D:2)
  3 ball pythons (D:1)
  2 frilled lizards
  2 kobolds (D:2)
  4 rats
35 creatures vanquished.

Vanquished Creatures (collateral kills)
  A dart slug (D:2)
  A giant cockroach (D:1)
2 creatures vanquished.

Grand Total: 37 creatures vanquished

Notes
Turn   | Place    | Note
-------+----------+-------------------------------------------
     0 | D:1      | Gabide the Demigod Necromancer began the quest for the Orb.
     0 | D:1      | Reached XP level 1. HP: 14/14 MP: 5/5
   492 | D:1      | Reached XP level 2. HP: 20/20 MP: 2/7
  1017 | D:1      | Got the Tractate on Planar Hyperthermia
  1339 | D:2      | Noticed Jessica
  1359 | D:2      | Killed Jessica
  1360 | D:2      | Reached skill level 4 in Necromancy
  1360 | D:2      | Reached XP level 3. HP: 12/27 MP: 0/9
  1793 | D:2      | Reached skill level 1 in Fighting
  2113 | D:2      | Reached XP level 4. HP: 35/35 MP: 7/10
  2189 | D:2      | Found a runed translucent door.
  2190 | D:2      | Noticed Crazy Yiuf
  2200 | D:2      | Gained mutation: Your body sometimes deteriorates upon
                  | taking damage. [potion of mutation]
  2200 | D:2      | Gained mutation: Your muscles are strong. (Str +4, Int/Dex
                  | -1) [potion of mutation]
  2200 | D:2      | Gained mutation: Your movements are slightly less
                  | encumbered by armour. (ER -2) [potion of mutation]
  2200 | D:2      | HP: 1/35 [poisoned by Crazy Yiuf]
  2621 | D:2      | Slain by Crazy Yiuf

Illustrated notes

Levels and vault maps discovered:
D:1:      psy_arrival_basics, layout_basic,
          shapermc_ecumenical_altar_mp_urbaneastern, reono_crystal_passage
D:2:      layout_loops_corners, uniq_jessica, uniq_crazy_yiuf_cottage

Skill      XL: |  1  2  3 |
---------------+----------+-----
Spellcasting   | 2 |  2.5
Dodging        | 2 |  2.2
Stealth        | 2 |  2.1
Necromancy     | 4 |  4.2
Fighting       | 1 |  1.0

Action                     |  1- 3 |  4- 6 || total
---------------------------+-------+-------++-------
  Melee: Dagger            |     5 |       ||     5
         Short sword       |     4 |       ||     4
   Cast: Necrotise         |    73 |    12 ||    85
    Use: Scroll            |     2 |     1 ||     3
         Potion            |       |     3 ||     3
 Armour: Robe              |     7 |     6 ||    13
  Dodge: Dodged            |    13 |     3 ||    16
